cohdb
Replays
Latest Replays
All Replays
Popular Replays
Top Player Replays
Match Explorer
How It Works
Community
CoH3 Stats
Reddit
Sign in to upload your games and track your stats! →
Sign in with Steam
Match 43815110
Unlisted
Match 43815110
Overview
Messages
Build Orders
End
Construct Infanterie Kompanie
Selects Mechanized Battlegroup
MG 42 Machine Gun Team
Grenadier Squad
Grenadier Squad
GrW 34 Mortar Team
Construct Panzergrenadier Kompanie
Selects Mobile Repair Stations
251 Medium Carrier
Kakamora
Yoddha
cocopang
An.Ritter
JT
只出曲线
0
0
Comments
sign in to comment!
No comments posted yet!